Map: Aura da Morte LE

Players

Darkness - Winner!

  • Race: Protoss Protoss
  • League: Master
  • Spawn Location: 5:00

TheZergLord

  • Race: Zerg Zerg
  • Spawn Location: 11:00

Event: DreamHack SC2 Masters 2020 Winter

VOD

Have the link to the VOD?

Description

Time

  • Played on: Oct. 16, 2020, 7:39 p.m.
  • Length: 13:58

All games in this series

Show
View Real Time Build Order
Export as new Build Order

Darkness Protoss - Winner!

Build Orders: 1 Gate Expand, Oracle Opening, Phoenix Opening 

Get SALT Encoding   

  12  0:00  Probe  
  13  0:12  Probe  
  14  0:18  Pylon  
  14  0:24  Probe (Chrono Boost)  
  15  0:36  Probe (Chrono Boost)  
  15  0:38  Gateway  
  16  0:45  Probe (Chrono Boost)  
  16  0:46  Assimilator  
  17  0:51  Probe  
  18  1:03  Probe  
  19  1:13  Pylon  
  19  1:15  Probe  
  20  1:31  Nexus  
  20  1:34  Cybernetics Core  
  20  1:37  Probe  
  21  1:44  Assimilator  
  21  1:49  Probe  
  21  1:53  Pylon  
  22  2:02  Probe  
  23  2:08  Adept (Chrono Boost)  
  23  2:14  Probe (Chrono Boost)  
  26  2:19  Stargate  
  26  2:26  Probe (Chrono Boost)  
  26  2:29  Warp Gate  
  27  2:32  Probe (Chrono Boost)  
  27  2:33  Adept  
  30  2:43  Probe (Chrono Boost)  
  31  2:51  Probe (Chrono Boost)  
  32  2:54  Probe (Chrono Boost)  
  34  2:58  Probe x2 (Chrono Boost)  
  34  3:02  Gateway  
  34  3:03  Phoenix (Chrono Boost)  
  37  3:09  Probe x2  
  39  3:12  Adept  
  39  3:18  Pylon  
  41  3:21  Probe x2  
  41  3:25  Oracle (Chrono Boost)  
  46  3:36  Probe x2  
  46  3:37  Assimilator  
  48  3:48  Probe x2  
  50  3:51  Pylon  
  50  3:57  Oracle (Chrono Boost)  
  50  4:00  Probe  
  54  4:05  Pylon  
  54  4:09  Probe  
  55  4:12  Probe  
  55  4:16  Adept  
  58  4:21  Nexus, Probe  
  58  4:23  Pylon  
  59  4:26  Probe, Oracle (Chrono Boost)  
  63  4:33  Probe  
  63  4:34  Assimilator  
  64  4:40  Probe  
  64  4:43  Forge, Twilight Council  
  65  4:50  Probe  
  65  4:51  Adept, Sentry  
  70  4:56  Shield Battery  
  70  4:59  Probe  
  71  5:02  Probe  
  72  5:11  Probe  
  72  5:12  Pylon  
  73  5:14  Gateway, Probe  
  73  5:16  Robotics Facility  
  73  5:17  Gateway  
  74  5:23  Probe  
  74  5:26  Probe  
  76  5:28  Blink (Chrono Boost)  
  76  5:29  Protoss Ground Weapons Level 1  
  76  5:31  Sentry x2  
  76  5:35  Probe x2  
  81  5:38  Probe  
  81  5:42  Assimilator  
  83  5:47  Pylon, Probe  
  83  5:48  Probe  
  85  5:50  Probe  
  86  6:12  Probe  
  86  6:16  Observer  
  86  6:17  Stalker x4  
  93  6:22  Assimilator  
  93  6:24  Gateway  
  93  6:25  Gateway  
  93  6:26  Probe  
  93  6:27  Gateway  
  94  6:36  Photon Cannon  
  94  6:37  Pylon, Probe  
  95  6:40  Immortal (Chrono Boost)  
  99  6:50  Robotics Bay  
  99  6:52  Nexus  
  99  6:54  Pylon  
  99  6:55  Stalker x3  
  99  6:59  Probe x2  
  107  7:03  Pylon  
  107  7:09  Immortal (Chrono Boost)  
  107  7:13  Robotics Facility  
  111  7:25  Probe x2  
  113  7:31  Photon Cannon x2  
  113  7:34  Pylon  
  113  7:37  Charge, Disruptor (Chrono Boost)  
  113  7:40  Photon Cannon  
  113  7:43  Protoss Ground Weapons Level 2 (Chrono Boost)  
  113  7:44  Photon Cannon, Observer  
  116  7:45  Pylon, Probe x2  
  118  7:59  Probe x2  
  118  8:01  Stalker x2  
  118  8:02  Stalker x3  
  118  8:05  Disruptor (Chrono Boost)  
  130  8:10  Disruptor (Chrono Boost)  
  136  8:13  Probe x2  
  138  8:21  Stalker x2  
  142  8:29  Stalker x3, Zealot x2  
  152  8:36  Disruptor (Chrono Boost)  
  152  8:41  Probe  
  148  8:45  Zealot  
  148  8:46  Zealot  
  148  8:47  Disruptor (Chrono Boost)  
  145  8:48  Probe  
  145  8:49  Probe x2  
  151  8:59  Assimilator, Probe  
  151  9:00  Assimilator, Photon Cannon, Probe  
  151  9:02  Shield Battery  
  153  9:03  Warp Prism (Chrono Boost), Templar Archives  
  155  9:14  Pylon  
  155  9:15  Pylon  
  155  9:16  Gateway, Observer  
  156  9:17  Gateway  
  156  9:21  Zealot x4  
  162  9:24  Zealot  
  162  9:31  Extended Thermal Lance  
  162  9:36  Zealot x2  
  166  9:39  Dark Shrine  
  166  9:48  Zealot x5  
  176  10:02  Pylon  
  176  10:04  Fleet Beacon, Pylon  
  172  10:14  Zealot x8  
  162  10:15  Zealot  
  173  10:45  Stalker, Zealot x2  
  173  10:46  Colossus (Chrono Boost), Zealot x6  
  150  10:54  Colossus (Chrono Boost)  
  129  11:11  High Templar x3  
  125  11:12  High Templar x5  
  125  11:13  Zealot  
  125  11:18  Archon x2  
  139  11:19  Archon x2  
  139  11:21  Probe x3  
  139  11:24  Oracle  
  145  11:35  Colossus (Chrono Boost)  
  151  11:45  Dark Templar x3  
  157  11:52  Dark Templar  
  157  11:54  Dark Templar  
  153  11:59  Immortal (Chrono Boost)  
  157  12:05  Zealot x4  
  157  12:08  Oracle  
  166  12:17  Warp Prism (Chrono Boost)  
  166  12:21  Psionic Storm  
  156  12:23  Pylon, Nexus  
  156  12:26  Immortal (Chrono Boost)  
  160  12:32  Pylon  
  160  12:39  Immortal (Chrono Boost)  
  162  12:47  High Templar x3  
  162  12:49  Zealot x6  
  180  12:52  Photon Cannon  
  180  12:54  Photon Cannon  
  180  12:55  Photon Cannon  
  180  12:57  Photon Cannon, Warp Prism  
  180  12:58  Shield Battery  
  182  13:00  Photon Cannon  
  182  13:01  Photon Cannon  
  182  13:03  Archon  
  174  13:14  High Templar x2  
  174  13:17  Dark Templar x3  
  174  13:20  Zealot  
  174  13:21  Zealot x3  
  180  13:40  Zealot  
  180  13:41  Zealot x3  
  176  13:46  Dark Templar x2  
  176  13:50  Zealot x3  
Show
View Real Time Build Order
Export as new Build Order

TheZergLord Zerg 

Build Orders: Hatch First 

Get SALT Encoding   

  12  0:00  Drone  
  13  0:12  Overlord  
  13  0:16  Drone  
  14  0:30  Drone x2  
  16  0:48  Hatchery  
  15  0:52  Drone  
  15  0:55  Drone  
  17  0:59  Drone  
  18  1:09  Extractor  
  17  1:14  Spawning Pool  
  17  1:18  Drone  
  17  1:21  Drone  
  18  1:30  Drone  
  19  1:41  Drone  
  20  1:50  Overlord  
  20  2:01  Queen x2  
  20  2:02  Zergling x4  
  26  2:11  Drone x2  
  26  2:14  Metabolic Boost  
  28  2:24  Drone x2  
  30  2:37  Hatchery  
  29  2:42  Drone x2  
  31  2:45  Zergling x2  
  31  2:50  Queen  
  34  2:58  Drone x2  
  36  3:11  Overlord x2  
  36  3:19  Overlord  
  36  3:29  Queen  
  36  3:30  Drone  
  36  3:31  Drone  
  36  3:32  Drone x3  
  43  3:36  Zergling x2  
  43  3:41  Zergling x2  
  45  3:45  Drone x3  
  48  3:48  Queen  
  48  3:49  Spore Crawler x2  
  48  3:52  Drone  
  48  3:54  Drone  
  50  3:56  Drone  
  50  3:58  Drone  
  50  4:00  Overlord  
  52  4:04  Drone x2  
  52  4:07  Spore Crawler  
  53  4:15  Zergling x2  
  53  4:20  Drone x2  
  53  4:21  Drone x3  
  53  4:22  Drone x2  
  60  4:26  Overlord  
  60  4:31  Drone x3  
  60  4:32  Drone x2  
  65  4:38  Lair  
  65  4:41  Extractor  
  65  4:43  Extractor  
  65  4:44  Spore Crawler  
  62  4:45  Drone  
  62  4:46  Drone x3  
  62  4:49  Overlord  
  62  4:50  Drone  
  67  4:56  Drone x2  
  67  4:58  Drone x2  
  72  5:00  Drone x3  
  74  5:11  Drone x2  
  74  5:12  Queen  
  78  5:19  Extractor x2  
  76  5:23  Hatchery  
  72  5:30  Drone x3  
  72  5:32  Drone  
  72  5:33  Drone x3  
  72  5:34  Overlord  
  72  5:35  Drone x3  
  81  5:42  Evolution Chamber, Hydralisk Den  
  80  5:43  Baneling Nest  
  80  5:45  Overseer  
  74  5:59  Drone x6  
  74  6:00  Drone x4  
  80  6:05  Drone x2  
  80  6:06  Drone  
  80  6:09  Zerg Melee Weapons Level 1  
  83  6:15  Muscular Augments  
  83  6:16  Hydralisk x3  
  83  6:18  Overlord x2  
  89  6:22  Overlord  
  88  6:26  Centrifical Hooks  
  88  6:36  Queen, Overlord x2  
  88  6:38  Drone x6  
  96  6:40  Drone x2  
  96  6:45  Hydralisk x2  
  102  6:51  Hydralisk x3  
  102  6:52  Hydralisk  
  110  7:00  Overlord  
  109  7:01  Hydralisk x2  
  109  7:06  Hydralisk  
  109  7:07  Hydralisk x2  
  119  7:13  Overlord x4  
  119  7:15  Overseer  
  117  7:27  Grooved Spines  
  117  7:28  Drone  
  117  7:29  Drone  
  119  7:30  Hydralisk x3  
  119  7:32  Hydralisk x2  
  119  7:33  Hydralisk x4  
  137  7:40  Zergling x6  
  137  7:41  Zergling x4  
  141  7:46  Hatchery  
  141  7:50  Zergling x4  
  141  7:51  Zergling x12  
  148  8:01  Zergling x8  
  148  8:02  Zergling x6  
  148  8:05  Zerg Melee Weapons Level 2  
  155  8:08  Baneling x4  
  155  8:09  Baneling x9  
  154  8:15  Baneling x3  
  154  8:16  Zergling x10  
  154  8:18  Overlord x2  
  159  8:22  Overlord x2  
  159  8:28  Baneling x4  
  159  8:29  Baneling x2  
  122  8:45  Hydralisk x5  
  122  8:47  Zergling x26  
  126  8:56  Drone  
  126  9:01  Zergling x2, Hydralisk x2  
  126  9:02  Zergling x12  
  137  9:10  Queen  
  137  9:12  Hatchery, Hydralisk x5  
  148  9:23  Zergling x8  
  148  9:24  Zergling x12  
  151  9:25  Zergling x2  
  156  9:32  Baneling x7  
  156  9:33  Baneling x5  
  156  9:34  Zergling x12  
  156  9:35  Zergling x2  
  162  9:38  Baneling  
  162  9:39  Baneling x3  
  162  9:40  Zergling x8  
  162  9:41  Zergling x2  
  167  9:47  Baneling x4  
  167  9:52  Baneling x3  
  167  9:53  Zergling x4  
  167  9:54  Zergling x10  
  167  10:08  Zergling x6  
  167  10:09  Zergling x12  
  166  10:21  Baneling  
  166  10:22  Baneling x3  
  163  10:30  Zergling x2  
  163  10:31  Zergling x22  
  168  10:43  Hydralisk x2  
  168  10:44  Hydralisk x4  
  168  10:49  Hydralisk x2  
  138  10:58  Hydralisk x4  
  143  11:08  Hydralisk x4  
  143  11:09  Hydralisk  
  143  11:11  Baneling x4  
  149  11:15  Extractor  
  149  11:16  Extractor  
  147  11:20  Hydralisk x3  
  147  11:21  Zergling x4  
  147  11:22  Zergling x2  
  156  11:27  Hatchery  
  156  11:30  Hatchery  
  154  11:33  Hydralisk x3  
  159  11:42  Zergling x12  
  159  11:43  Zergling x14  
  159  11:44  Zergling x8  
  172  11:54  Overlord  
  172  11:55  Drone x2  
  172  11:56  Drone x4  
  172  11:58  Infestation Pit  
  172  12:00  Baneling x11  
  177  12:14  Baneling x8  
  177  12:22  Overlord x3  
  170  12:23  Pneumatized Carapace  
  170  12:24  Overseer  
  170  12:28  Overseer  
  165  12:32  Drone x8  
  165  12:33  Drone x8  
  178  12:42  Hydralisk x5  
  178  12:43  Zergling x4  
  178  12:44  Zergling x8  
  178  12:51  Overseer  
  169  13:01  Drone x3  
  169  13:02  Drone x2  
  169  13:03  Drone x3  
  174  13:11  Zergling x2  
  174  13:12  Zergling x14  
  180  13:15  Drone  
  180  13:16  Drone x3  
  161  13:47  Spire  
Tags
 
Add a new tag
Caveats
  • Supply blocks, unpowered buildings, or Contaminate may cause inaccurate times.
  • Supply counts are checked every 10 seconds.